 Dungeon Crawl Stone Soup version 0.28.0 (webtiles) character file.

Game seed: 2563665732632133409

438 Dorkslayer the Poker (level 7, -6/54 HPs)
             Began as a Merfolk Fighter on Apr 23, 2022.
             Mangled by Pikel (9 damage)
             ... on level 4 of the Dungeon.
             The game lasted 00:10:55 (3163 turns).

Dorkslayer the Poker (Merfolk Fighter)              Turns: 3163, Time: 00:10:56

Health: -6/54      AC:  9    Str: 16    XL:     7   Next: 1%
Magic:  7/7        EV:  9    Int:  7    God:
Gold:   205        SH:  5    Dex: 16    Spells: 6/6 levels left

rFire   + + .      SeeInvis .   s - +5 long sword of Valour {vorpal, rPois rF++ Will- Stlth+}
rCold   . . .      Faith    .   c - +0 buckler
rNeg    . . .      Spirit   .   b - +0 scale mail
rPois   +          Reflect  .   (no helmet)
rElec   .          Harm     .   (no cloak)
rCorr   .          Rampage  .   n - +0 pair of gloves
Will    .....                   f - +0 pair of boots
Stlth   +.........              (no amulet)
HPRegen 0.18/turn               r - ring of willpower
MPRegen 0.10/turn               (no ring)

@: mighty, attractive
A: (nimble swimmer 2), mertail
a: no special abilities


You were on level 4 of the Dungeon.
You visited 1 branch of the dungeon, and saw 4 of its levels.

You collected 205 gold pieces.

Inventory:

Hand Weapons
 a - a +0 trident
 k - the +9 mace of Execution {flame, *Slow Will+ Dex+3}
   (You found it on level 2 of the Dungeon)

   It burns those it strikes, dealing additional fire damage.
   Dex:       It affects your dexterity (+3).
   *Slow:     It may slow you when you take damage.
   Will:      It increases your willpower.
 s - the +5 long sword of Valour (weapon) {vorpal, rPois rF++ Will- Stlth+}
   (You found it on level 3 of the Dungeon)

   It inflicts extra damage upon your enemies.
   rF:        It greatly protects you from fire.
   rPois:     It protects you from poison.
   Will:      It decreases your willpower.
   Stlth:     It makes you more stealthy.
Armour
 b - a +0 scale mail (worn)
 c - a +0 buckler (worn)
 f - a +0 pair of boots (worn)
 n - a +0 pair of gloves (worn)
Jewellery
 r - a ring of willpower (left hand)
Scrolls
 t - a scroll of silence {unknown}
Potions
 h - a potion of brilliance {unknown}
 l - a potion of attraction
 q - a potion of degeneration {unknown}


   Skills:
 * Level 4.3 Fighting
 * Level 1.3 Long Blades
 * Level 1.0 Maces & Flails
 + Level 7.4 Polearms
 + Level 3.0 Armour
 + Level 1.8 Dodging
 + Level 3.5 Shields


You had 6 spell levels left.
You didn't know any spells.
Your spell library contained the following spells:

 Spells                   Type           Power      Damage    Failure   Level
 Animate Skeleton         Necr           0%         N/A       91%         1
 Leda's Liquefaction      Hex/Erth       0%         N/A       100%        4
 Iron Shot                Conj/Erth      0%         9d1       100%        6


Dungeon Overview and Level Annotations

Branches:
Dungeon (4/15)
 Temple: D:4-7

Altars:

Shops:
D:1 ((   D:4 !:

Annotations:
D:2 1 runed translucent door, Crazy Yiuf
D:4 Pikel


Innate Abilities, Weirdness & Mutations

((You are very nimble when in or above water. (Stealth+, EV+, Speed+++)))
Your lower body shifts to a powerful aquatic tail in water.


Message History

The lemure hits you but does no damage.
You closely miss the lemure.
The lemure is severely wounded.
The lemure hits you.
You barely miss the lemure.
The lemure is severely wounded.
The lemure barely misses you.
You completely miss the lemure.
The lemure is severely wounded.
The lemure hits you!
* * * LOW HITPOINT WARNING * * *
You closely miss Pikel.
Pikel hits you with a +2 whip of freezing.
* * * LOW HITPOINT WARNING * * *
Pikel freezes you.
* * * LOW HITPOINT WARNING * * *
You feel better.
Pikel hits you with a +2 whip of freezing.
* * * LOW HITPOINT WARNING * * *
Pikel freezes you.
* * * LOW HITPOINT WARNING * * *
You feel better.
Pikel hits you with a +2 whip of freezing.
* * * LOW HITPOINT WARNING * * *
Pikel freezes you.
* * * LOW HITPOINT WARNING * * *
It was a potion of attraction.
You feel attractive to monsters.
Pikel hits you with a +2 whip of freezing.
* * * LOW HITPOINT WARNING * * *
Pikel freezes you.
* * * LOW HITPOINT WARNING * * *
You slash Pikel!
Pikel is heavily wounded.
Pikel says, "Dispater doesn't talk much, but I know they dig me."
Pikel completely misses you.
You hit Pikel.
Pikel is severely wounded.
Pikel hits you with a +2 whip of freezing!
You die...

.......,,,,,*,*,,..#<#.#,*
**,,,,
#######,,,,**,*#######.#,*
*,**, *,,,,**,*.5......#,*
*,*,, *,,,,**,*.#####K.#,*
*,*,, *,,,,**,*,* #..#,*
*,,,, *******,*,* #.)#,*
*,,** *,,,* #.5#,* ***,**
**#######..#.# *,,_,,
#.@K5g5....#**,*,*,
#.###5...$.....*,*, #.*
#..........,,,, #.*
#.........#**** #.*
#.........#****
#.**##.........,,,,
#.,**##########,,,,
#.,≈≈******** *,,,,
****+,≈≈≈≈,≈,≈≈***,,,,


You could see Pikel, 3 lemures and a goblin.

Vanquished Creatures
  Edmund (D:4)
  A phantom (D:4)
  A hound (D:4)
  An iguana (D:3)
  Natasha (thrice) (D:2)
  3 gnolls (D:3)
  3 adders
  2 worms (D:2)
  2 dart slugs
  2 orcs (D:3)
  7 endoplasms
  A giant cockroach (D:1)
  4 jackals
  11 ball pythons
  4 bats
  3 frilled lizards
  6 goblins
  6 kobolds
  A rat (D:1)
62 creatures vanquished.

Vanquished Creatures (others)
  5 fungi (D:2)
5 creatures vanquished.

Grand Total: 67 creatures vanquished

Notes
Turn   | Place    | Note
-------+----------+-------------------------------------------
     0 | D:1      | Dorkslayer the Merfolk Fighter began the quest for the Orb.
     0 | D:1      | Reached XP level 1. HP: 18/18 MP: 1/1
    84 | D:1      | Found Hyrex's Weapon Shop.
   165 | D:1      | Got the Volume of Clay and Black Rites
   336 | D:1      | Found Goci's Antique Weapon Shop.
   476 | D:1      | Reached XP level 2. HP: 24/24 MP: 2/2
  1007 | D:2      | Identified the +9 mace of Execution {flame, *Slow Will+
                  | Dex+3}
  1011 | D:2      | Found a runed translucent door.
  1012 | D:2      | Noticed Crazy Yiuf
  1179 | D:2      | Found a faded altar of an unknown god.
  1198 | D:2      | Reached skill level 4 in Polearms
  1209 | D:2      | Reached XP level 3. HP: 29/29 MP: 3/3
  1301 | D:2      | Noticed Natasha
  1312 | D:2      | Killed Natasha
  1313 | D:2      | Reached XP level 4. HP: 27/35 MP: 4/4
  1788 | D:2      | Noticed Natasha
  1801 | D:2      | Killed Natasha
  1802 | D:2      | Reached skill level 5 in Polearms
  2052 | D:2      | Noticed Natasha
  2066 | D:2      | Killed Natasha
  2067 | D:2      | Reached XP level 5. HP: 23/42 MP: 5/5
  2437 | D:3      | Reached skill level 6 in Polearms
  2720 | D:3      | Reached skill level 1 in Dodging
  2858 | D:3      | Identified the +5 long sword of Valour {vorpal, rPois rF++
                  | Will- Stlth+}
  2932 | D:3      | Reached XP level 6. HP: 48/48 MP: 6/6
  3078 | D:4      | Found Ruici's Distillery.
  3103 | D:4      | Reached skill level 7 in Polearms
  3106 | D:4      | Found Fuangule's Self-Improvement Boutique.
  3135 | D:4      | Noticed Edmund
  3142 | D:4      | Killed Edmund
  3143 | D:4      | Reached skill level 1 in Long Blades
  3143 | D:4      | Reached skill level 1 in Maces & Flails
  3143 | D:4      | Reached XP level 7. HP: 30/54 MP: 7/7
  3145 | D:4      | Noticed Pikel
  3161 | D:4      | HP: 2/54 [Pikel (2)]
  3163 | D:4      | Mangled by Pikel

Illustrated notes

Levels and vault maps discovered:
D:1:      heliophobic_arrival_henge, layout_loops_ring, serial_shops,
          shop_coins, nicolae_lakefront_shop
D:2:      layout_loops_corners, nicolae_ecumenical_oubliette,
          minmay_misc_feat_four_crosses, uniq_crazy_yiuf_cottage, uniq_natasha
D:3:      minmay_chambers_of_twos, layout_rooms
D:4:      layout_basic, zin_statuary, lemuel_crystal_altar,
          jmf_multi_god_temple, serial_shops, nicolae_stop_n_shop_1,
          gup_sewer_entry_pipe, nicolae_shop_self_help, uniq_pikel,
          uniq_grinder, uniq_edmund

Skill      XL: |  1  2  3  4  5  6 |
---------------+-------------------+-----
Polearms       | 4 5 6 7 |  7.4
Dodging        | 1 |  1.8
Fighting       | 4 |  4.3
Long Blades    | 1 |  1.3
Maces & Flails | 1 |  1.0
Armour         | 3 |  3.0
Shields        | |  3.5

Action                   |  1- 3 |  4- 6 |  7- 9 || total
-------------------------+-------+-------+-------++-------
Melee: Trident           |    86 |   143 |       ||   229
       Long sword        |       |    16 |    10 ||    26
  Use: Potion            |     1 |     1 |     3 ||     5
       Scroll            |       |     6 |       ||     6
Armor: Scale mail        |    46 |    50 |     5 ||   101
Dodge: Dodged            |    34 |    69 |     4 ||   107
Block: Buckler           |    18 |    29 |       ||    47
